 Dungeon Crawl Stone Soup version 0.30-a0-373-gd37427bb62 (webtiles) character file.

Game seed: 18210438816050529105

168 Lobster4 the Shooter (level 5, 0/45 HPs)
             Began as a Minotaur Hunter on Nov 23, 2022.
             Slain by Grinder (1 damage)
             ... while paralysed by Grinder
             ... on level 3 of the Dungeon.
             The game lasted 00:07:58 (2104 turns).

Lobster4 the Shooter (Minotaur Hunter)              Turns: 2104, Time: 00:07:58

Health: 0/45       AC:  0    Str: 16    XL:     5   Next: 23%
Magic:  4/4        EV:  5    Int:  6    God:
Gold:   33         SH:  0    Dex: 20    Spells: 4/4 levels left

rFire   . . .      SeeInvis .    (weapon currently unavailable)
rCold   . . .      Faith    .    (shield currently unavailable)
rNeg    . . .      Spirit   .    (body armour currently unavailable)
rPois   .          Reflect  .    (helmet currently unavailable)
rElec   .          Harm     .    (cloak currently unavailable)
rCorr   .          Rampage  .    (gloves currently unavailable)
Will    .....                    (boots currently unavailable)
Stlth   ++........               t - amulet of regeneration
HPRegen 1.07/turn                (ring currently unavailable)
MPRegen 0.09/turn                (ring currently unavailable)

@: paralysed, bat-form, flying, very quick
A: fast, flying, no casting, tiny, (horns 2), (retaliatory headbutt)
a: no special abilities


You were on level 3 of the Dungeon.
You were a bat.
You visited 1 branch of the dungeon, and saw 3 of its levels.

You collected 73 gold pieces.
You spent 40 gold pieces at shops.

Inventory:

Hand Weapons
 a - a +0 shortbow (melded)
 b - a +1 dagger of venom
 r - a +0 sling
Missiles
 g - 10 poisoned darts
Armour
 c - a +0 leather armour (melded)
 j - a +0 ring mail
 k - a +0 cloak (melded)
 q - a +1 pair of gloves (melded)
 v - a +0 pair of boots (melded)
Jewellery
 t - an amulet of regeneration (around neck)
Scrolls
 e - a scroll of teleportation {unknown}
 f - a scroll of fear {unknown}
 i - a scroll of immolation
 l - a scroll of poison
 p - a scroll of silence {unknown}
Potions
 d - 4 potions of curing
 h - a potion of lignification {unknown}
 m - a potion of flight {unknown}
 o - a potion of heal wounds
 u - a potion of invisibility


   Skills:
 + Level 3.6 Fighting
 + Level 1.6 Short Blades
 * Level 5.5 Ranged Weapons
 + Level 2.2 Armour
 - Level 3.0 Dodging
 - Level 1.0 Stealth


You had 4 spell levels left.
You didn't know any spells.
Your spell library was empty.

Dungeon Overview and Level Annotations

Branches:
Dungeon (3/15)

Altars:
Sif Muna

Shops:
D:2 !

Annotations:
D:3 Grinder


Innate Abilities, Weirdness & Mutations

You are a bat.
You are tiny and dextrous.
You move quickly.
You are flying.
Your equipment is almost entirely melded.
You are incapable of wielding weapons or throwing items.
You cannot cast spells.
((You have a pair of horns on your head.))
((You reflexively headbutt those who attack you in melee.))


Message History

You shoot an arrow.
The arrow hits Grinder but does no damage.
Grinder is severely wounded.
You shoot an arrow. The arrow hits Grinder.
Grinder is almost dead.
Grinder zaps a wand.
You turn into a bat.
Your +0 shortbow melds into your body.
Your +0 cloak melds into your body.
Your +1 pair of gloves melds into your body.
Your +0 pair of boots melds into your body.
Your +0 leather armour melds into your body.
You see here the felid skeleton of Natasha.
Grinder gestures at you.
You barely resist.
Grinder blinks!
You hit Grinder but do no damage.
Grinder is almost dead.
Grinder gestures at you. Pain shoots through your body!
You hit Grinder.
Grinder is almost dead.
Grinder hits you.
You hit Grinder but do no damage.
Grinder is almost dead.
Grinder closely misses you.
You barely miss Grinder.
Grinder is almost dead.
Grinder gestures at you.
You suddenly lose the ability to move!
Grinder gestures at you. Pain shoots through your body! Grinder hits you.
You writhe in agony.
Grinder hits you!
* * * LOW HITPOINT WARNING * * *
You writhe in agony.
* * * LOW HITPOINT WARNING * * *
Grinder completely misses you. Grinder hits you!
* * * LOW HITPOINT WARNING * * *
You writhe in agony.
You die...

#.# #.# #.# #.# ### #.# #.#
..# #.# #)# #.# #.# #.# ...
###.######.# #.#
######......÷÷..#
#.###...........######## ##
#.##...<÷....b5.........
.###.##..####.###..#####...
#.##.....# #.# #..#
##.......# #.###..###
#.######.####........#
.##########....#####.#
.##§..≈§§§..#..# .#
.##._..§§......# #
.##≈..≈§≈...#..#


You could see Grinder.

Vanquished Creatures
  An orc priest (D:3)
  Natasha (twice) (D:3)
  A gnoll (D:1)
  An adder (D:2)
  A worm (D:2)
  A dart slug (D:3)
  3 orcs (D:3)
  7 ball pythons
  6 endoplasms
  3 giant cockroaches
  5 goblins
  8 hobgoblins
  5 kobolds
  4 quokkas
  4 bats
  3 frilled lizards
  5 rats
60 creatures vanquished.

Notes
Turn   | Place    | Note
-------+----------+-------------------------------------------
     0 | D:1      | Lobster4 the Minotaur Hunter began the quest for the Orb.
     0 | D:1      | Reached XP level 1. HP: 18/18 MP: 0/0
   202 | D:1      | Reached skill level 1 in Stealth
   265 | D:1      | Reached XP level 2. HP: 25/25 MP: 1/1
   647 | D:1      | Reached skill level 1 in Armour
   647 | D:1      | Reached XP level 3. HP: 30/30 MP: 2/2
  1248 | D:2      | Reached skill level 5 in Ranged Weapons
  1276 | D:2      | Found Deittykhladgh's Distillery.
  1284 | D:2      | Bought a potion of degeneration for 10 gold pieces
  1287 | D:2      | Bought a potion of curing for 30 gold pieces
  1468 | D:2      | Reached XP level 4. HP: 38/38 MP: 3/3
  1715 | D:3      | Noticed Natasha
  1728 | D:3      | Killed Natasha
  1729 | D:3      | Reached skill level 1 in Short Blades
  1752 | D:3      | Noticed Natasha
  1759 | D:3      | Killed Natasha
  1832 | D:3      | Found a shimmering blue altar of Sif Muna.
  2018 | D:3      | Reached XP level 5. HP: 45/45 MP: 4/4
  2036 | D:3      | Noticed Grinder
  2068 | D:3      | Paralysed by Grinder for 2 turns
  2099 | D:3      | Paralysed by Grinder for 5 turns
  2104 | D:3      | HP: 1/45 [Grinder (11)]
  2104 | D:3      | Slain by Grinder

Illustrated notes

Levels and vault maps discovered:
D:1:      lightli_arrival_noodles, layout_basic
D:2:      layout_loops_ring, serial_shops, shop_fountains
D:3:      layout_loops_ring, pf_just_have_faith, serial_shops,
          nicolae_shop_trees, chequers_ecumenical_altar_simple,
          minmay_liquid_box, grunt_ministairs_7, uniq_crazy_yiuf_cottage,
          uniq_natasha, uniq_robin, uniq_grinder

Skill      XL: |  1  2  3  4 |
---------------+-------------+-----
Stealth        | 1 |  1.0
Armour         | 1 2 |  2.2
Fighting       | 3 |  3.6
Ranged Weapons | 5 |  5.5
Short Blades   | 1 |  1.6
Dodging        | 3 |  3.0

Action                   |  1- 3 |  4- 6 || total
-------------------------+-------+-------++-------
Melee: Dagger            |       |     1 ||     1
       Headbutt          |       |     1 ||     1
       Unarmed           |       |     4 ||     4
 Fire: Shortbow          |   101 |    59 ||   160
  Use: Scroll            |     1 |     4 ||     5
Armor: Leather armour    |    11 |     7 ||    18
Dodge: Dodged            |    25 |    22 ||    47

Table legend: (Time is in decaauts)
 A = Elapsed time spent in this place.
 B = Non-inter-level travel time spent in this place.
 C = Inter-level travel time spent in this place.
 D = Time resting spent in this place.
 E = Time spent auto-exploring this place.
 F = Levels seen in this place.
 G = Mean time per level.
                   A        B        C        D        E       F      G
               +--------+--------+--------+--------+--------+-----+--------+
         Total |   2160 |   2045 |    115 |    179 |   1443 |   3 |  720.0 |
       Dungeon |   2160 |   2045 |    115 |    179 |   1443 |   3 |  720.0 |
               +--------+--------+--------+--------+--------+-----+--------+

Top non-repeatable levels by time:
     D:1: 1078 daAuts
     D:2: 669 daAuts
     D:3: 411 daAuts
